 Seeded DCSS version 0.31-a0-175-g9f7f995f2b (webtiles) character file.

Game seed: 11697059700666758213 (custom seed)

28 innerfire43 the Trooper (level 3, -4/29 HPs)
             Began as a Demonspawn Monk on June 16, 2023.
             Was a Believer of Jiyva.
             Slain by Crazy Yiuf
             ... wielding a +4 quarterstaff of chaos
              (18 damage)
             ... on level 2 of the Dungeon.
             The game lasted 00:02:35 (1960 turns).

innerfire43 the Trooper (Demonspawn Monk)           Turns: 1960, Time: 00:02:36

Health: -4/29      AC:  2    Str: 13    XL:     3   Next: 0%
Magic:  3/3        EV: 13    Int: 11    God:    Jiyva [**....]
Gold:   1000       SH:  4    Dex: 15    Spells: 2/2 levels left

rFire   . . .        a - +0 short sword
rCold   . . .        d - orb {light}
rNeg    . . .        b - +0 robe
rPois   .            (no helmet)
rElec   .            (no cloak)
rCorr   +            (no gloves)
SInv    .            (no boots)
Will    .....        (no amulet)
Stlth   +            (no ring)
HPRegen 1.20/turn    (no ring)
MPRegen 0.38/turn

%: no passive effects
@: glowing
A: large bone plates 1, foul stench 1
a: Renounce Religion


You were on level 2 of the Dungeon.
You worshipped Jiyva.
Jiyva was pleased with you.
You visited 1 branch of the dungeon, and saw 2 of its levels.

You collected 1000 gold pieces.

Inventory:

Hand Weapons
 a - a +0 short sword (weapon)
 n - a +1 rapier of draining
Armour
 b - a +0 robe (worn)
 d - an orb of light (worn)
Jewellery
 i - a ring of magical power
Scrolls
 e - 3 scrolls of identify {unknown}
 f - a scroll of silence {unknown}
 g - a scroll of teleportation {unknown}
 h - a scroll of fog {unknown}
 k - a scroll of noise {unknown}
 l - a scroll of brand weapon {unknown}
 m - a scroll of torment {unknown}
Potions
 c - a potion of ambrosia
 j - a potion of enlightenment {unknown}


   Skills:
 - Level 3.2 Fighting
 - Level 3.2 Short Blades
 + Level 3.1 Dodging
 * Level 0.1 Shields


You had 2 spell levels left.
You didn't know any spells.
Your spell library was empty.

Dungeon Overview and Level Annotations

Branches:
Dungeon (2/15)

Altars:
Jiyva

Annotations:
D:2 Crazy Yiuf


Innate Abilities, Weirdness & Mutations

You are partially covered in large bone plates. (SH +4)
You may rarely emit foul miasma when damaged in melee.


Message History

The quokka bites you.
You hit the quokka.
You kill the quokka!
You have reached level 3!
Your experience leads to an increase in your attributes!
Increase (S)trength, (I)ntelligence, or (D)exterity?
You feel stronger. x2; Your demonic ancestry asserts itself...
You begin to emit a foul stench of rot and decay.
You now have 983 gold pieces (gained 12).
You now have 986 gold pieces (gained 3).
Found a stone staircase leading up.
There is a faded altar of an unknown god here.
This altar belongs to (a) Jiyva, (b) Xom or (c) Ru, but you can't tell which.
Press the corresponding letter to learn more about a god, or press enter to convert or escape to cancel.
Jiyva accepts your prayer! Jiyva welcomes you!
Jiyva begins accelerating your health and magic regeneration.
Jiyva is now protecting you from corrosive effects.
You now have 1000 gold pieces (gained 14).
There is a stone staircase leading up here.
Found a stone staircase leading down.
Jiyva gurgles merrily.
You hear a distant slurping noise.
You hear a distant slurping noise.
You hear a distant slurping noise.
There is a stone staircase leading down here.
You hear a distant slurping noise. x2
You hear a distant slurping noise.
You swap places.
You hear a distant slurping noise.
Crazy Yiuf shouts!
Okay, then.
You open the door.
Crazy Yiuf says, "East!"
You barely miss Crazy Yiuf.
Crazy Yiuf hits you with a +4 quarterstaff of chaos!
Ouch! That really hurt!
You hit Crazy Yiuf but do no damage.
Crazy Yiuf hits you with a +4 quarterstaff of chaos!!
Ouch! That really hurt!
You die...

#......##........#
##......##.########
........##.#
.......##### #####
...........# #)..#
....J......# #...#
.......^...# ...
...........# #g#
...........# ♣@♣♣
#######....# ♣♣.♣
#....# ♣.♣♣ #....#
♣♣.♣ ###.## ♣♣.♣♣
#.## ♣♣...♣ #..#
♣....♣ ##.# #....#
#.####....#


You could see Crazy Yiuf.

Vanquished Creatures
  6 ball pythons
  An endoplasm (D:2)
  A giant cockroach (D:1)
  2 goblins
  A hobgoblin (D:1)
  5 quokkas
  2 bats
  2 frilled lizards (D:1)
  4 kobolds (D:1)
  A rat (D:1)
25 creatures vanquished.

Notes
Turn   | Place    | Note
-------+----------+-------------------------------------------
     0 | D:1      | innerfire43 the Demonspawn Monk began the quest for the
                  | Orb.
     0 | D:1      | Reached XP level 1. HP: 18/18 MP: 1/1
    93 | D:1      | Identified a scroll of acquirement
    93 | D:1      | Acquired 909 gold pieces
   357 | D:1      | Gained mutation: You are partially covered in large bone
                  | plates. (SH +4) [demonic ancestry]
   357 | D:1      | Reached XP level 2. HP: 24/24 MP: 2/2
  1096 | D:2      | Found a runed translucent door.
  1097 | D:2      | Noticed Crazy Yiuf
  1589 | D:2      | Found a faded altar of an unknown god.
  1600 | D:2      | Gained mutation: You may rarely emit foul miasma when
                  | damaged in melee. [demonic ancestry]
  1600 | D:2      | Reached XP level 3. HP: 20/29 MP: 3/3
  1763 | D:2      | Prayed at the altar of an unknown god.
  1763 | D:2      | Became a worshipper of Jiyva Jefus the Shapeless
  1763 | D:2      | Reached * piety under Jiyva
  1763 | D:2      | Reached ** piety under Jiyva
  1960 | D:2      | Slain by Crazy Yiuf

Illustrated notes

Levels and vault maps discovered:
D:1:      tarquinn_simple_flora_water_d, layout_basic, chequers_mini_garden,
          minmay_tiny_reverse_x
D:2:      layout_basic, ebering_ecumenical_altar_box, minmay_split_cup_large,
          uniq_crazy_yiuf_cottage

Skill      XL: |  1  2 |
---------------+-------+-----
Dodging        | 3 |  3.1
Short Blades   | 3 |  3.2
Fighting       | |  3.2
Shields        | |  0.1

Action                     || total
---------------------------++-------
  Melee: Short sword       ||    97
    Use: Scroll            ||     1
 Armour: Robe              ||    15
  Dodge: Dodged            ||    50
  Block: Orb               ||    10

Table legend: (Time is in decaauts)
 A = Elapsed time spent in this place.
 B = Non-inter-level travel time spent in this place.
 C = Inter-level travel time spent in this place.
 D = Time resting spent in this place.
 E = Time spent auto-exploring this place.
 F = Levels seen in this place.
 G = Mean time per level.
                   A        B        C        D        E       F      G
               +--------+--------+--------+--------+--------+-----+--------+
         Total |   1944 |   1797 |    147 |      0 |   1604 |   2 |  972.0 |
       Dungeon |   1944 |   1797 |    147 |      0 |   1604 |   2 |  972.0 |
               +--------+--------+--------+--------+--------+-----+--------+

Top non-repeatable levels by time:
     D:1: 1014 daAuts
     D:2: 930 daAuts
